 Dungeon Crawl Stone Soup version 0.29-a0-270-g1586fc07ea (webtiles) character file.

Game seed: 2330729659513532441

97 bande the Shield-Bearer (level 4, -1/29 HPs)
             Began as a Gargoyle Fighter on Mar 8, 2022.
             Slain by an orc
             ... wielding a +0 mace
              (6 damage)
             ... on level 3 of the Dungeon.
             The game lasted 00:03:33 (2247 turns).

bande the Shield-Bearer (Gargoyle Fighter)          Turns: 2247, Time: 00:03:35

Health: -1/29      AC: 11    Str: 20    XL:     4   Next: 68%
Magic:  4/4        EV:  9    Int:  8    God:
Gold:   111        SH:  4    Dex: 11    Spells: 3/3 levels left

rFire   . . .      SeeInvis .   a - +0 war axe
rCold   . . .      Faith    .   c - +0 buckler
rNeg    + . .      Spirit   .   b - +0 scale mail
rPois   ∞          Reflect  .   (no helmet)
rElec   +          Harm     .   f - +0 cloak
rCorr   .          Rampage  .   (no gloves)
Will    .....                   (no boots)
Stlth   ..........              (no amulet)
HPRegen 0.09/turn               (no ring)
MPRegen 0.09/turn               (no ring)

@: no status effects
A: sickness immunity, AC +3, negative energy resistance 1, electricity
resistance, torment resistance 1, petrification resistance
a: no special abilities


You were on level 3 of the Dungeon.
You visited 1 branch of the dungeon, and saw 3 of its levels.

You collected 111 gold pieces.

Inventory:

Hand Weapons
 a - a +0 war axe (weapon)
Armour
 b - a +0 scale mail (worn)
 c - a +0 buckler (worn)
 f - a +0 cloak (worn)
Jewellery
 h - a ring of fire
Scrolls
 m - a scroll of magic mapping
Potions
 d - 3 potions of might
 e - a potion of flight
 i - a potion of heal wounds
 j - a potion of invisibility
 l - a potion of mutation {unknown}


   Skills:
 + Level 3.8 Fighting
 + Level 2.7 Axes
 + Level 3.7 Armour
 + Level 1.2 Dodging
 + Level 0.4 Stealth
 + Level 3.8 Shields


You had 3 spell levels left.
You didn't know any spells.
Your spell library contained the following spells:

 Spells                   Type           Power      Damage    Failure   Level
 Corpse Rot               Necr/Air       0%         N/A       94%         2


Dungeon Overview and Level Annotations

Branches:
Dungeon (3/15)

Altars:
Gozag


Innate Abilities, Weirdness & Mutations

You are immune to sickness and miasma.
Your stone body is resilient. (AC +3)
You are immune to poison.
You resist negative energy. (rN+)
You are resistant to electric shocks. (rElec)
You are resistant to unholy torment.
You are immune to petrification.


Message History

You closely miss the adder.
The adder is almost dead.
The adder closely misses you.
An orc comes into view. It is wielding a +0 mace.
You miss the adder.
The adder is almost dead.
The orc shouts!
The adder bites you. x2
You closely miss the adder.
The adder is almost dead.
The adder barely misses you. The adder bites you but does no damage.
You closely miss the adder.
The adder is almost dead.
The adder bites you but does no damage. x2
You slash the adder!
You kill the adder!
You closely miss the orc. The orc barely misses you.
The orc completely misses you.
An orc comes into view. It is wielding a +0 club.
There are monsters nearby!
The orc shouts!
You hit the orc.
The orc is moderately wounded.
You hear a shout!
The orc hits you but does no damage.
You hear a shout!
You hit the orc but do no damage.
The orc is moderately wounded.
An orc priest comes into view. It is wielding a +0 whip.
The orc barely misses you.
You barely miss the orc.
The orc is moderately wounded.
The orc closely misses you. The orc barely misses you.
You hit the orc.
The orc is severely wounded.
The orc priest invokes the aid of Beogh against you.
Beogh smites you!
* * * LOW HITPOINT WARNING * * *
The orc hits you with a +0 mace.
You die...

##.....##
#.......#
#.......
##......
#......#
#.....<######.#
#.....o........
#..o..o.###.###
.....###@###
.#####.....#
#.#.### #.._.
###.#. ....#
#.# # ..# .##


You could see an orc priest and 2 orcs.

Vanquished Creatures
  Jessica (D:2)
  A gnoll (D:1)
  An adder (D:3)
  2 worms (D:2)
  2 dart slugs (D:1)
  4 endoplasms
  3 giant cockroaches (D:2)
  4 hobgoblins
  4 jackals (D:1)
  A kobold (D:1)
  4 quokkas
  2 bats
  3 frilled lizards (D:1)
  5 goblins
  A rat (D:1)
38 creatures vanquished.

Notes
Turn   | Place    | Note
-------+----------+-------------------------------------------
     0 | D:1      | bande the Gargoyle Fighter began the quest for the Orb.
     0 | D:1      | Reached XP level 1. HP: 14/14 MP: 1/1
   191 | D:1      | Reached XP level 2. HP: 10/19 MP: 2/2
   562 | D:1      | You fall into a shaft and drop 1 floor!
   573 | D:2      | Reached XP level 3. HP: 20/23 MP: 3/3
   827 | D:1      | Found a faded altar of an unknown god.
  1631 | D:2      | Noticed Jessica
  1634 | D:2      | Reached XP level 4. HP: 24/29 MP: 4/4
  1646 | D:2      | Killed Jessica
  1647 | D:2      | Reached skill level 1 in Dodging
  1877 | D:2      | Got Jessica's Guide on Black Rites
  2216 | D:3      | Found an opulent altar of Gozag.
  2247 | D:3      | Slain by an orc

Illustrated notes

Levels and vault maps discovered:
D:1:      nagdon_arrival_double_spiral, layout_rooms,
          chequers_ecumenical_altar_simple, chequers_avenue, st_stairs_3,
          nrook_mini_backslash
D:2:      layout_basic, kennysheep_jessica_study
D:3:      layout_loops_ring, nicolae_gozag_cash_rules_everything_around_me,
          mainiacjoe_overflow_catwalk

Skill      XL: |  1  2  3  4 |
---------------+-------------+-----
Axes           | 2 |  2.7
Dodging        | 1 |  1.2
Fighting       | |  3.8
Armour         | |  3.7
Stealth        | |  0.4
Shields        | |  3.8

Action                   |  1- 3 |  4- 6 || total
-------------------------+-------+-------++-------
Melee: War axe           |    92 |    32 ||   124
  Use: Scroll            |     5 |     3 ||     8
Armor: Scale mail        |    55 |    18 ||    73
Dodge: Dodged            |    76 |    17 ||    93
Block: Buckler           |    18 |     6 ||    24

Table legend: (Time is in decaauts)
 A = Elapsed time spent in this place.
 B = Non-inter-level travel time spent in this place.
 C = Inter-level travel time spent in this place.
 D = Time resting spent in this place.
 E = Time spent auto-exploring this place.
 F = Levels seen in this place.
 G = Mean time per level.
                   A        B        C        D        E       F      G
               +--------+--------+--------+--------+--------+-----+--------+
         Total |   2301 |   2218 |     83 |    433 |   1345 |   3 |  767.0 |
       Dungeon |   2301 |   2218 |     83 |    433 |   1345 |   3 |  767.0 |
               +--------+--------+--------+--------+--------+-----+--------+

Top non-repeatable levels by time:
     D:2: 1161 daAuts
     D:1: 1101 daAuts
     D:3: 38 daAuts
